 Dungeon Crawl Stone Soup version 0.29-a0-43-g62a80824bf (webtiles) character file.

Game seed: 7298411051591280756

126 robertstho the Skirmisher (level 4, 0/67 HPs)
             Began as a Troll Delver on Feb 2, 2022.
             Succumbed to Sigmund's poison
             ... on level 2 of the Dungeon.
             The game lasted 00:02:42 (1446 turns).

robertstho the Skirmisher (Troll Delver)            Turns: 1446, Time: 00:02:43

Health: 0/67       AC: 22    Str: 22    XL:     4   Next: 83%
Magic:  3/3        EV:  1    Int:  6    God:
Gold:   164        SH:  0    Dex: 11    Spells: 3/3 levels left

rFire   + . .      SeeInvis .     - Unarmed
rCold   + . .      Faith    .   (no shield)
rNeg    . . .      Spirit   .   (armour currently unavailable)
rPois   +          Reflect  .   (helmet currently unavailable)
rElec   +          Harm     .   (cloak currently unavailable)
rCorr   +          Rampage  .   (gloves unavailable)
Will    .....      NoTele   +   (boots unavailable)
Stlth   ++........              (no amulet)
HPRegen 1.01/turn               (no ring)
MPRegen 0.08/turn               (no ring)

@: lethally poisoned (0 -> -11), tree-form, resistant, invisible
A: stationary, stasis, torment immunity, boosted hp, large, unfitting armour,
(claws 3), regeneration 1, (shaggy fur 1), (tough skin 1)
a: no special abilities


You were on level 2 of the Dungeon.
You were a tree.
You visited 1 branch of the dungeon, and saw 5 of its levels.

You collected 164 gold pieces.

Inventory:

Armour
 a - a +0 robe (melded)
Jewellery
 k - a ring of flight
Wands
 f - a wand of digging (1)
Scrolls
 b - a scroll of fog
 c - a scroll of magic mapping
 d - 2 scrolls of fear
 i - a scroll of teleportation {unknown}
 m - a scroll of amnesia {unknown}
 o - a scroll of blinking {unknown}
 p - 3 scrolls of enchant weapon {unknown}
Potions
 j - a potion of attraction {unknown}
 l - a potion of ambrosia {unknown}
 n - a potion of degeneration {unknown}


   Skills:
 * Level 3.3 Fighting
 + Level 2.0 Dodging
 - Level 2.7 Stealth
 * Level 3.2 Unarmed Combat
 * Level 1.4 Evocations


You had 3 spell levels left.
You didn't know any spells.
Your spell library contained the following spells:

 Spells                   Type           Power      Damage    Failure   Level
 Ignite Poison            Fire/Tmut/Pois 0%         N/A       83%         3
 Inner Flame              Hex/Fire       0%         N/A       83%         3
 Mephitic Cloud           Conj/Pois/Air  0%         N/A       83%         3
 Animate Dead             Necr           0%         N/A       99%         4
 Cause Fear               Hex            0%         N/A       99%         4
 Borgnjor's Vile Clutch   Necr/Erth      0%         N/A       100%        5
 Freezing Cloud           Conj/Ice/Air   0%         6-21      100%        5
 Death Channel            Necr           0%         N/A       100%        6
 Discord                  Hex            0%         N/A       100%        8


Dungeon Overview and Level Annotations

Branches:
Dungeon (5/15)
 Temple: D:4-7

Altars:
Hepliaklqana
Kikubaaqudgha
Wu Jian

Shops:
D:2 [

Annotations:
D:2 Sigmund


Innate Abilities, Weirdness & Mutations

You are a tree.
Your roots penetrate the ground, keeping you stationary.
You cannot be teleported.
You are immune to unholy pain and torment.
Your maximum health is greatly increased.
Your equipment is partially melded.
You are too large for most types of armour.
((You have claws for hands.))
Your natural rate of healing is unusually fast.
((You are covered in fur. (AC +1)))
((You have tough skin. (AC +1)))


Message History

You are too confused!
Unknown command.
You're too confused to move!
The ball python hisses angrily.
The bat barely misses you. The bat hits you but does no damage.
The bat completely misses you. Something hits you but does no damage.
The bat hits you but does no damage.
The kobold throws a stone.
The stone hits you. The bat hits you but does no damage. Something hits you.
You are poisoned.
You bump into the rock wall.
You feel less confused.
You feel very sick. The bat hits you but does no damage.
You feel sick. The bat completely misses you. Something hits you!
You are more poisoned.
You feel very sick. The bat hits you.
You hear some strange, mumbled words.
Something tries to affect you, but you resist.
You feel very sick.
The kobold throws a stone.
The stone hits you.
The ball python bites you but does no damage.
You feel very sick. The bat barely misses you.
You feel very sick.
You feel sick. The ball python barely misses you.
You feel sick. The bat hits you.
* * * LOW HITPOINT WARNING * * *
You feel protected.
You feel sick. The bat hits you but does no damage.
You fade into invisibility!
You feel sick.
The ball python bites you but does no damage.
Something hits you!
* * * LOW HITPOINT WARNING * * *
You are lethally poisoned!
It was a potion of lignification.
You turn into a tree.
Your +0 robe melds into your body.
Your roots penetrate the ground.
You die...

...<...#..#...# #... ..#
####.#........####...#####..###
#..............#............
#†#...#..#....###..#........
.......#......## ##...##.####
###.#.#####.....###K.### #
#.#...#....#.#.#...####.#
#.###.#.####.##{........#
#.###........♣Sb...######
#............####.##
######.##########.#
#............# ##############


You could see a bat, a ball python and a kobold.

Vanquished Creatures
  An orc priest (D:3)
  2 orc wizards (D:3)
  2 worms (D:2)
  8 orcs (D:3)
  5 endoplasms
  A giant cockroach (D:2)
  A goblin (D:1)
  4 hobgoblins
  A quokka (D:1)
  2 bats
  3 frilled lizards
  A kobold (D:2)
  3 rats
  A spectral orc (D:3)
35 creatures vanquished.

Notes
Turn   | Place    | Note
-------+----------+-------------------------------------------
     0 | D:5      | robertstho the Troll Delver began the quest for the Orb.
     0 | D:5      | Reached XP level 1. HP: 22/22 MP: 0/0
    85 | D:3      | Noticed an orc wizard
    85 | D:3      | Noticed an orc priest
    97 | D:3      | Killed an orc priest
    98 | D:3      | Reached XP level 2. HP: 29/29 MP: 1/1
    98 | D:3      | Reached XP level 3. HP: 36/36 MP: 2/2
   103 | D:3      | Reached skill level 1 in Evocations
   158 | D:3      | Found an ornate altar of the Wu Jian Council.
   206 | D:3      | Found a hazy altar of Hepliaklqana.
   258 | D:3      | Reached XP level 4. HP: 31/45 MP: 3/3
   361 | D:3      | Found an ancient bone altar of Kikubaaqudgha.
   468 | D:2      | Found Uchek's Armour Boutique.
  1427 | D:2      | Noticed Sigmund
  1445 | D:2      | HP: 2/45 [something (8)]
  1446 | D:2      | Succumbed to Sigmund's poison

Illustrated notes

Levels and vault maps discovered:
D:1:      arrival_aquarium_b, layout_basic
D:2:      layout_loops_ring, serial_shops, shop_fountains, serial_park_tiny_2,
          minmay_statues_item, due_unseen_surprise, uniq_sigmund
D:3:      layout_loops_ring, nicolae_hepliaklqana_monster_ancestors,
          mainiacjoe_overflow_surrounded_room, nicolae_uskayaw_en_pointe,
          nicolae_kikubaaqudgha_miasma_corner, mainiacjoe_overflow_big_doors
D:4:      layout_basic, gammafunk_ghost_mausoleum, corexii_hall_statues_u
D:5:      layout_loops_cross, mainiacjoe_overflow_tiny_flanked,
          hangedman_decor_points

Skill      XL: |  1  2  3  4 |
---------------+-------------+-----
Fighting       | 3 |  3.3
Evocations     | 1 |  1.4
Unarmed Combat | 3 |  3.2
Dodging        | 2 |  2.0
Stealth        | |  2.7

Action                   |  1- 3 |  4- 6 || total
-------------------------+-------+-------++-------
Melee: Unarmed           |    31 |    58 ||    89
       Punch             |     2 |       ||     2
Evoke: Wand              |       |     2 ||     2
  Use: Potion            |     1 |     4 ||     5
 Stab: Sleeping          |       |     5 ||     5
Armor: Robe              |    14 |    21 ||    35
Dodge: Dodged            |    10 |    21 ||    31

Table legend: (Time is in decaauts)
 A = Elapsed time spent in this place.
 B = Non-inter-level travel time spent in this place.
 C = Inter-level travel time spent in this place.
 D = Time resting spent in this place.
 E = Time spent auto-exploring this place.
 F = Levels seen in this place.
 G = Mean time per level.
                   A        B        C        D        E       F      G
               +--------+--------+--------+--------+--------+-----+--------+
         Total |   1421 |   1359 |     62 |     28 |   1040 |   5 |  284.2 |
       Dungeon |   1421 |   1359 |     62 |     28 |   1040 |   5 |  284.2 |
               +--------+--------+--------+--------+--------+-----+--------+

Top non-repeatable levels by time:
     D:1: 858 daAuts
     D:3: 332 daAuts
     D:2: 181 daAuts
     D:4: 33 daAuts
     D:5: 15 daAuts
